 Dungeon Crawl Stone Soup version 0.16-a0-3652-g8567522 (console) character file.

302 MarvinPA the Conjurer (level 6, -6/49 HPs)
             Began as a Deep Dwarf Conjurer on Jan 16, 2015.
             Was an Initiate of Sif Muna.
             Mangled by Prince Ribbit (9 damage)
             ... on level 4 of the Dungeon.
             The game lasted 00:11:52 (4892 turns).

MarvinPA the Conjurer (Deep Dwarf Conjurer)         Turns: 4892, Time: 00:11:52

Health: -6/49      AC:  3    Str: 12    XL:     6   Next: 14%
Magic:  9/14       EV: 12    Int: 17    God:    Sif Muna [......]
Gold:   13         SH:  0    Dex: 13    Spells: 3 memorised, 6 levels left

rFire  . . .     SeeInvis .     a - +1 dagger (venom)
rCold  . . .     Clarity  .     u - +0 robe
rNeg   . . .     SustAb   .     (no shield)
rPois  .         Gourm    .     (no helmet)
rElec  .         Spirit   .     e - +0 cloak
rCorr  .         Warding  .     (no gloves)
rMut   .         Stasis   .     (no boots)
MR     .....                    (no amulet)
Stlth  ++........               (no ring)
                                (no ring)

@: non-regenerating, not resistant to hostile enchantments, unstealthy
A: damage resistance, recharge devices, sense surroundings 1, slow healing 3
a: Device Recharging, Renounce Religion


You were on level 4 of the Dungeon.
You worshipped Sif Muna.
Sif Muna was noncommittal.
You were hungry.

You visited 2 branches of the dungeon, and saw 5 of its levels.

You collected 223 gold pieces.
You spent 210 gold pieces at shops.


Innate Abilities, Weirdness & Mutations

You are resistant to damage.
You can recharge devices by infusing magical energy.
You passively map a small area around you.
You do not heal naturally.


   Skills:
 - Level 2.1 Dodging
 - Level 2.4 Stealth
 + Level 3.9 Spellcasting
 + Level 5.5 Conjurations


You had 6 spell levels left.
You knew the following spells:

 Your Spells              Type           Power        Failure   Level  Hunger
c - Dazzling Spray        Conj/Hex       ##......     17%         3    ###....
x - Searing Ray           Conj           ###...       2%          2    ##.....
z - Magic Dart            Conj           ###.         1%          1    None

Inventory:

Hand weapons
 a - a +1 dagger of venom (weapon)
 b - a +0 blowgun
Missiles
 y - 30 poisoned needles
Armour
 e - a +0 cloak (worn)
 u - a +0 robe (worn)
 D - a +1 ring mail of fire resistance
Jewellery
 g - an uncursed ring of fire
Magical devices
 x - a wand of heal wounds (2) {!d}
Scrolls
 h - 2 scrolls of recharging
 j - 4 scrolls of teleportation
 k - a scroll of blinking
 s - 2 scrolls of remove curse
Potions
 i - a potion of brilliance {unknown}
 l - a potion of might {unknown}
 n - a potion of invisibility {unknown}
 o - 2 potions of haste
 p - a potion of magic {unknown}
 q - a potion of restore abilities {unknown}
 z - a potion of curing {unknown}
 A - a potion of cure mutation
Books
 c - a book of Conjurations
Comestibles
 d - 3 bread rations
 f - 4 chunks of flesh {@w1}
 m - 5 meat rations
 B - a slice of pizza

Dungeon Overview and Level Annotations

Branches:
Dungeon (4/15)             Temple (1/1) D:4

Altars:
Cheibriados
Dithmenos
Elyvilon
Fedhas
Gozag
Kikubaaqudgha
Makhleb
Nemelex Xobeh
Okawaru
Qazlal
Sif Muna
Yredelemnul
Zin
The Shining One

Shops:
D:4 ?

Annotations:
D:4 exclusion: 2 killer bees, Prince Ribbit

#.#.## #............).
##.## #.....########) * *
##.# ####.## #.., #..#
#....# #o# * #.##
##.##.#### #.# #.#
###........###.# * #.#
#...≈≈≈..⌠...#.# # #.#
#..≈≈≈≈≈≈..#.#.#* .# *
#.###...≈≈≈≈≈.##g#o##..##.
.......≈≈≈≈≈..##F#........#
..........≈≈...#).†.....#*
...#.......≈...#.###...##
#.##...⌠....≈_.#.# ..#
####.#...##....#.# .#
#.#..########.# #
#.#...........#* * *
#.######.##.....


You could see Prince Ribbit.


Message History

Aiming: Searing Ray
Aim: Prince Ribbit (hasn't noticed you)
The searing ray hits Prince Ribbit.
Prince Ribbit is lightly wounded.
The searing ray hits Prince Ribbit.
Prince Ribbit is moderately wounded.
Prince Ribbit barely misses you.
The searing ray hits Prince Ribbit.
Prince Ribbit is heavily wounded.
Prince Ribbit blinks!
You miss Prince Ribbit.
Prince Ribbit is heavily wounded.
You are feeling hungry.
Prince Ribbit sighs, "It's not easy being green!"
Prince Ribbit hits you!
* * * LOW HITPOINT WARNING * * *
Prince Ribbit hits you!!
* * * LOW HITPOINT WARNING * * *
Evoke which item? (* to show all) (? for menu, Esc to quit)
Zapping:
x - a wand of heal wounds (3) {!d} You feel much better.
This wand has 2 charges left.
Prince Ribbit hits you!
* * * LOW HITPOINT WARNING * * *
Cast which spell?
Aiming: Searing Ray
Aim: Prince Ribbit (heavily wounded)
The searing ray misses Prince Ribbit.
Prince Ribbit hits you!
* * * LOW HITPOINT WARNING * * *
Prince Ribbit hops awkwardly around.
Prince Ribbit hits you!
You die...

Action                   |  1- 3 |  4- 6 || total
-------------------------+-------+-------++-------
Melee: Quarterstaff      |     3 |       ||     3
       Dagger            |       |    15 ||    15
 Cast: Magic Dart        |    56 |   127 ||   183
       Searing Ray       |     3 |    10 ||    13
Evoke: Wand              |       |     3 ||     3
  Use: Scroll            |       |     7 ||     7
  Eat: Chunk             |     4 |     9 ||    13

Vault maps used:
D:1:      lightli_molten_gateway
D:2:      nicolae_dithmenos_through_a_glass_darkly, uniq_crazy_yiuf_cottage
D:3:      fountainhead
D:4:      kiku_gazebo_pond_becter, lemuel_coloured_pillars_altar,
          minmay_temple_entry_grid, first_bread, serial_shops, kennysheep_mini,
          kennysheep_generic_room_6, uniq_prince_ribbit1
Temple:   oiseaux_autumnal_temple_12

Notes
Turn   | Place    | Note
--------------------------------------------------------------
     0 | D:1      | MarvinPA, the Deep Dwarf Conjurer, began the quest for the Orb.
     0 | D:1      | Reached XP level 1. HP: 15/15 MP: 2/2
   173 | D:1      | Reached skill level 2 in Spellcasting
   312 | D:1      | Reached XP level 2. HP: 22/22 MP: 2/4
   451 | D:1      | what
  1010 | D:2      | Noticed Crazy Yiuf
  1056 | D:1      | Learned a level 2 spell: Searing Ray
  1112 | D:2      | Reached skill level 4 in Conjurations
  1265 | D:2      | Found a shadowy altar of Dithmenos.
  1527 | D:2      | Killed Crazy Yiuf
  1527 | D:2      | Reached XP level 3. HP: 25/28 MP: 1/6
  1817 | D:2      | Reached XP level 4. HP: 25/36 MP: 2/8
  2235 | D:3      | Reached skill level 3 in Spellcasting
  2911 | D:3      | Reached XP level 5. HP: 23/42 MP: 8/11
  3073 | D:3      | Learned a level 3 spell: Dazzling Spray
  3082 | D:3      | Reached skill level 5 in Conjurations
  3482 | D:4      | Noticed Prince Ribbit
  3632 | D:4      | Found Sticairr's Magic Scroll Shoppe.
  3635 | D:4      | Bought a scroll of recharging for 114 gold pieces
  3635 | D:4      | Bought a scroll of teleportation for 36 gold pieces
  3635 | D:4      | Bought a scroll of identify for 24 gold pieces
  3864 | D:4      | Found a staircase to the Ecumenical Temple.
  3888 | Temple   | Entered the Ecumenical Temple
  4223 | Temple   | Became a worshipper of Sif Muna the Loreminder
  4580 | D:4      | Reached XP level 6. HP: 39/49 MP: 9/13
  4638 | D:4      | Bought a scroll of remove curse for 36 gold pieces
  4688 | D:4      | Found an ancient bone altar of Kikubaaqudgha.
  4890 | D:4      | HP: 3/49 [Prince Ribbit (15)]
  4892 | D:4      | Mangled by Prince Ribbit

Vanquished Creatures
  Crazy Yiuf (D:2)
  An orc priest (D:4)
  A hound (D:4)
  2 worker ants
  A hound skeleton (D:4)
  6 adders
  3 worms
  3 giant geckos (D:3)
  10 orcs
  12 goblins
  7 hobgoblins
  11 kobolds
  A quokka (D:4)
  A ball python (D:3)
  3 bats
  5 giant cockroaches
  2 giant newts
  5 jackals (D:3)
  4 rats
79 creatures vanquished.
